PCL
DISTRICT 9 PRAWNS @ TEXARKANA BEARS
06/07/2030
 
TOP OF THE 1ST
District 9 Prawns batting - Pitching for Texarkana Bears : RHP Jesús Sosa
Pitching: RHP Jesús Sosa
Batting: SHB Júlio Macías 0-0: Ball
1-0: Foul Ball, location: 2F
1-1: Ball
2-1: Ball
3-1: Called Strike
3-2: SINGLE (Flyball, 7S)
Batting: RHB José Colón 0-0: Called Strike
0-1: Ball
1-1: Ball
2-1: SINGLE (Line Drive, 56D)
Júlio Macías to second
Batting: LHB Terry Simpson 0-0: Ball
1-0: Ball
2-0: Ball
3-0: Called Strike
3-1: SINGLE (Flyball, 78S)
Júlio Macías to third
José Colón to second
Runner from 3rd tries for Home, SAFE, no throw
Batting: LHB Mike Davis 0-0: Called Strike
0-1: Fielders Choice at 2nd, 3-6 (Groundball, 3)
José Colón to third
Batting: LHB Jeff Doss 0-0: Ball
1-0: Called Strike
1-1: Grounds out, U3 (Groundball, 3L)
José Colón scores
Batting: LHB Manuel Cardenas 0-0: Ball
1-0: Ball
2-0: Ball
3-0: Base on Balls
Batting: LHB António Romo 0-0: SINGLE (Flyball, 9S)
Mike Davis to third
Manuel Cardenas to second
Batting: RHB Alfredo Rangel 0-0: Ball
1-0: Called Strike
1-1: Ground out 5-3 (Groundball, 56S)
Top of the 1st over - 2 runs, 4 hits, 0 errors, 3 left on base; District 9 2 - Texarkana 0
BOTTOM OF THE 1ST
Texarkana Bears batting - Pitching for District 9 Prawns : RHP Víctor Ventura
Pitching: RHP Víctor Ventura
Batting: RHB Marvin Johnson 0-0: Ball
1-0: Ball
2-0: Ball
3-0: Base on Balls
Batting: RHB Jaime Delgado 0-0: Called Strike
0-1: Ball
1-1: Swinging Strike
1-2: Foul Ball, location: 2F
1-2: SINGLE (Line Drive, 34)
Marvin Johnson to second
Batting: RHB Billy Campbell 0-0: Fly out, F8 (Flyball, 8RD)
Batting: RHB Lu-fang Huie 0-0: Called Strike
0-1: Foul Ball, location: 2F
0-2: Ball
1-2: Strikes out swinging
Batting: RHB Gilberto López 0-0: Fielders Choice at 2nd, 5-4 (Groundball, 56)
Bottom of the 1st over - 0 runs, 1 hit, 0 errors, 2 left on base; District 9 2 - Texarkana 0
TOP OF THE 2ND
District 9 Prawns batting - Pitching for Texarkana Bears : RHP Jesús Sosa
Batting: LHB Culley Vaughan 0-0: Called Strike
0-1: Swinging Strike
0-2: Ball
1-2: Strikes out swinging
Batting: SHB Júlio Macías 0-0: Ball
1-0: Called Strike
1-1: Ball
2-1: Ball
3-1: Foul Ball, location: 2F
3-2: Base on Balls
Batting: RHB José Colón 0-0: Ball
Wild Pitch!
Júlio Macías to second
1-0: Ball
2-0: Foul Ball, location: 2F
2-1: Ball
3-1: Swinging Strike
3-2: Ground out 6-3 (Groundball, 6)
Júlio Macías to third
Pitching: RHP John Harvey
Batting: LHB Terry Simpson 0-0: Foul Ball, location: 2F
0-1: SINGLE (Line Drive, 6D)
Júlio Macías scores
Batting: LHB Mike Davis 0-0: Ball
1-0: Called Strike
1-1: Fly out, F4 (Popup, 4MD)
Top of the 2nd over - 1 run, 1 hit, 0 errors, 1 left on base; District 9 3 - Texarkana 0
BOTTOM OF THE 2ND
Texarkana Bears batting - Pitching for District 9 Prawns : RHP Víctor Ventura
Batting: RHB Roger Rush 0-0: Ball
1-0: Ball
2-0: Reached on error, E5 (Groundball, 56)
Batting: RHB Steve Garneys 0-0: Ball
1-0: Ball
2-0: Swinging Strike
2-1: Ball
3-1: Foul Ball, location: 2F
3-2: Foul Ball, location: 2F
3-2: Strikes out swinging
Batting: RHB Arturo Rodríguez 0-0: Ball
1-0: Ball
2-0: Ball
3-0: Called Strike
3-1: Base on Balls
Roger Rush to second
Batting: RHB Kun Liu 0-0: Ball
1-0: Ball
2-0: Ball
3-0: Called Strike
3-1: SINGLE (Flyball, 8RS)
Roger Rush to third
Arturo Rodríguez to second
Batting: RHB Marvin Johnson 0-0: Foul Ball, location: 2F
0-1: Called Strike
0-2: Fly out, F8 (Flyball, 8RS)
Runner from 3rd tags up, SCORES, no throw
Batting: RHB Jaime Delgado 0-0: Ball
1-0: Ball
2-0: Called Strike
2-1: Swinging Strike
2-2: Foul Ball, location: 2F
2-2: Ball
3-2: Foul Ball, location: 2F
3-2: Base on Balls
Arturo Rodríguez to third
Kun Liu to second
Batting: RHB Billy Campbell 0-0: Foul Ball, location: 2F
0-1: Ball
1-1: Ball
Wild Pitch!
Arturo Rodríguez scores
Kun Liu to third
Jaime Delgado to second
2-1: Ball
3-1: Base on Balls
Batting: RHB Lu-fang Huie 0-0: Ball
1-0: SINGLE (Groundball, 56S) (infield hit)
Kun Liu scores
Jaime Delgado to third
Billy Campbell to second
Batting: RHB Gilberto López 0-0: Called Strike
0-1: Ball
1-1: Foul Ball, location: 2F
1-2: Ball
2-2: Ball
3-2: GRAND SLAM HOME RUN (Flyball, 7LD), Distance : 385 ft
Batting: RHB Roger Rush 0-0: Foul Ball, location: 2F
0-1: Fly out, F8 (Flyball, 8RM)
Bottom of the 2nd over - 7 runs, 3 hits, 1 error, 0 left on base; District 9 3 - Texarkana 7
TOP OF THE 3RD
District 9 Prawns batting - Pitching for Texarkana Bears : RHP John Harvey
Batting: LHB Jeff Doss 0-0: Foul Ball, location: 2F
0-1: Ball
1-1: SINGLE (Flyball, 7LS)
Batting: LHB Manuel Cardenas 0-0: Called Strike
0-1: Foul Ball, location: 2F
0-2: Foul Ball, location: 2F
0-2: Strikes out swinging
Batting: LHB António Romo 0-0: Foul Ball, location: 2F
0-1: Foul Ball, location: 2F
0-2: Ball
1-2: Strikes out looking
Batting: RHB Alfredo Rangel 0-0: Ground out 5-3 (Groundball, 56S)
Top of the 3rd over - 0 runs, 1 hit, 0 errors, 1 left on base; District 9 3 - Texarkana 7
BOTTOM OF THE 3RD
Texarkana Bears batting - Pitching for District 9 Prawns : RHP Víctor Ventura
Batting: RHB Steve Garneys 0-0: Fly out, F9 (Flyball, 89S)
Batting: RHB Arturo Rodríguez 0-0: Foul Ball, location: 2F
0-1: Ground out U3 (Groundball, 34S)
Batting: RHB Kun Liu 0-0: Ball
1-0: Ball
2-0: Called Strike
2-1: Ball
3-1: Base on Balls
Pitching: LHP Ben Johnson
Batting: RHB Marvin Johnson 0-0: Called Strike
0-1: Ball
1-1: SINGLE (Flyball, 7LM)
Kun Liu to second
Batting: RHB Jaime Delgado 0-0: Called Strike
0-1: Foul Ball, location: 2F
0-2: Ground out 1-3 (Groundball, 13S)
Bottom of the 3rd over - 0 runs, 1 hit, 0 errors, 2 left on base; District 9 3 - Texarkana 7
TOP OF THE 4TH
District 9 Prawns batting - Pitching for Texarkana Bears : RHP John Harvey
Batting: LHB Culley Vaughan 0-0: SINGLE (Line Drive, 3D)
Batting: SHB Júlio Macías 0-0: Called Strike
0-1: Ball
1-1: Ball
2-1: Foul Ball, location: 2F
2-2: SINGLE (Groundball, 56D)
Culley Vaughan to second
Batting: RHB José Colón 0-0: Ball
1-0: Swinging Strike
1-1: Foul Ball, location: 2F
1-2: Ball
2-2: Ball
3-2: Ground out 1-3 (Groundball, P)
Culley Vaughan to third
Júlio Macías to second
Batting: LHB Terry Simpson 0-0: Ball
1-0: Called Strike
1-1: Called Strike
1-2: Strikes out looking
Batting: LHB Mike Davis 0-0: Foul Ball, location: 2F
0-1: Fly out, F6 (Flyball, 6D)
Top of the 4th over - 0 runs, 2 hits, 0 errors, 2 left on base; District 9 3 - Texarkana 7
BOTTOM OF THE 4TH
Texarkana Bears batting - Pitching for District 9 Prawns : LHP Ben Johnson
Batting: RHB Billy Campbell 0-0: Ball
1-0: Ball
2-0: Foul Ball, location: 2F
2-1: SOLO HOME RUN (Flyball, 7D), Distance : 415 ft
Batting: RHB Lu-fang Huie 0-0: Ball
1-0: SINGLE (Groundball, 56) (infield hit)
Batting: RHB Gilberto López 0-0: Foul Ball, location: 2F
0-1: SINGLE (Line Drive, 89S)
Lu-fang Huie to second
Throwing error, E9
Lu-fang Huie scores
Gilberto López to second
Batting: RHB Roger Rush 0-0: DOUBLE (Flyball, 7LD)
Gilberto López scores
Batting: RHB Steve Garneys 0-0: Called Strike
0-1: Ball
1-1: Ball
2-1: Ball
3-1: SINGLE (Line Drive, 89S)
Roger Rush to third
Batting: RHB Arturo Rodríguez 0-0: Foul Ball, location: 2F
0-1: Swinging Strike
0-2: SINGLE (Line Drive, 6M)
Roger Rush scores
Steve Garneys to second
Batting: RHB Kun Liu 0-0: Ball
1-0: Ball
2-0: Called Strike
2-1: Foul Ball, location: 2F
2-2: Ground out 5-3 (Groundball, 56S)
Steve Garneys to third
Arturo Rodríguez to second
Batting: RHB Marvin Johnson 0-0: Ball
1-0: Ball
2-0: Ball
3-0: Called Strike
3-1: Base on Balls
Batting: RHB Jaime Delgado 0-0: Called Strike
0-1: Ball
1-1: Ball
2-1: TRIPLE (Flyball, 8RXD)
Steve Garneys scores
Arturo Rodríguez scores
Marvin Johnson scores
Batting: RHB Billy Campbell 0-0: Ball
1-0: Foul Ball, location: 2F
1-1: Swinging Strike
1-2: SINGLE (Line Drive, 89M)
Jaime Delgado scores
Batting: RHB Lu-fang Huie 0-0: Ball
1-0: Ball
2-0: Called Strike
2-1: Ball
3-1: Fly out, F3 (Popup, 3S)
Batting: RHB Gilberto López 0-0: Ground out 6-3 (Groundball, 6)
Bottom of the 4th over - 8 runs, 8 hits, 1 error, 1 left on base; District 9 3 - Texarkana 15
TOP OF THE 5TH
District 9 Prawns batting - Pitching for Texarkana Bears : RHP John Harvey
Batting: LHB Jeff Doss 0-0: Foul Ball, location: 2F
0-1: Ball
1-1: Ball
2-1: Foul Ball, location: 2F
2-2: Strikes out swinging
Batting: LHB Manuel Cardenas 0-0: Called Strike
0-1: Foul Ball, location: 2F
0-2: Strikes out looking
Batting: LHB António Romo 0-0: Ball
1-0: Swinging Strike
1-1: Swinging Strike
1-2: Ball
2-2: Foul Ball, location: 2F
2-2: Strikes out swinging
Top of the 5th over - 0 runs, 0 hits, 0 errors, 0 left on base; District 9 3 - Texarkana 15
BOTTOM OF THE 5TH
Texarkana Bears batting - Pitching for District 9 Prawns : LHP Ben Johnson
Batting: RHB Roger Rush 0-0: Called Strike
0-1: Ball
1-1: Foul Ball, location: 2F
1-2: Ball
2-2: Foul Ball, location: 2F
2-2: Ball
3-2: Base on Balls
Batting: RHB Steve Garneys 0-0: Called Strike
0-1: Swinging Strike
0-2: Fly out, F9 (Flyball, 9)
Pitching: RHP Juan Gutiérrez
Batting: RHB Arturo Rodríguez 0-0: Called Strike
0-1: Called Strike
0-2: Ball
1-2: Foul Ball, location: 2F
1-2: Foul Ball, location: 2F
1-2: Grounds into double play, 6-4-3 (Groundball, 6)
Bottom of the 5th over - 0 runs, 0 hits, 0 errors, 0 left on base; District 9 3 - Texarkana 15
TOP OF THE 6TH
District 9 Prawns batting - Pitching for Texarkana Bears : RHP John Harvey
Batting: RHB Alfredo Rangel 0-0: Ball
1-0: Ball
2-0: Fly out, F4 (Popup, 23)
Batting: LHB Culley Vaughan 0-0: Ball
1-0: Ball
2-0: Foul Ball, location: 2F
2-1: Called Strike
2-2: Fly out, F6 (Popup, 6)
Batting: SHB Júlio Macías 0-0: Ball
1-0: Foul Ball, location: 2F
1-1: Ball
2-1: Foul Ball, location: 2F
2-2: Foul Ball, location: 2F
2-2: SINGLE (Line Drive, 8RS)
Pinch Hitting: RHB Brady McIntyre 0-0: Ball
1-0: Called Strike
1-1: Ground out 4-3 (Groundball, 4MS)
Top of the 6th over - 0 runs, 1 hit, 0 errors, 1 left on base; District 9 3 - Texarkana 15
BOTTOM OF THE 6TH
Texarkana Bears batting - Pitching for District 9 Prawns : RHP Juan Gutiérrez
Now at 1B: Doug O'Brien
Batting: RHB Kun Liu 0-0: Swinging Strike
0-1: Ball
1-1: Ball
2-1: Ball
3-1: Foul Ball, location: 2F
3-2: Strikes out looking
Batting: RHB Marvin Johnson 0-0: Ball
1-0: Ball
2-0: Foul Ball, location: 2F
2-1: Fly out, F7 (Flyball, 7D)
Batting: RHB Jaime Delgado 0-0: Called Strike
0-1: Foul Ball, location: 2F
0-2: Ball
1-2: Strikes out swinging
Bottom of the 6th over - 0 runs, 0 hits, 0 errors, 0 left on base; District 9 3 - Texarkana 15
TOP OF THE 7TH
District 9 Prawns batting - Pitching for Texarkana Bears : RHP John Harvey
Pitching: RHP Enrique Ortíz
Batting: LHB Terry Simpson 0-0: Ball
1-0: Ball
2-0: Ball
3-0: Called Strike
3-1: Swinging Strike
3-2: Foul Ball, location: 2F
3-2: Base on Balls
Batting: LHB Mike Davis 0-0: Called Strike
0-1: Foul Ball, location: 2F
0-2: SINGLE (Line Drive, 9S)
Terry Simpson to second
Batting: LHB Jeff Doss 0-0: Called Strike
0-1: Called Strike
0-2: Ball
1-2: Grounds into double play, 6-4-3 (Groundball, 6)
Terry Simpson to third
Batting: LHB Manuel Cardenas 0-0: Called Strike
0-1: Ball
1-1: Ball
2-1: Foul Ball, location: 2F
2-2: Ball
3-2: Base on Balls
Batting: LHB António Romo 0-0: Ball
1-0: Foul Ball, location: 2F
1-1: 3-RUN HOME RUN (Flyball, 9D), Distance : 384 ft
Batting: RHB Alfredo Rangel 0-0: Called Strike
0-1: Ball
1-1: Swinging Strike
1-2: Strikes out swinging
Top of the 7th over - 3 runs, 2 hits, 0 errors, 0 left on base; District 9 6 - Texarkana 15
BOTTOM OF THE 7TH
Texarkana Bears batting - Pitching for District 9 Prawns : RHP Juan Gutiérrez
Batting: RHB Billy Campbell 0-0: Ball
1-0: Foul Ball, location: 2F
1-1: Foul Ball, location: 2F
1-2: Ball
2-2: Strikes out looking
Batting: RHB Lu-fang Huie 0-0: Foul Ball, location: 2F
0-1: Swinging Strike
0-2: Strikes out looking
Batting: RHB Gilberto López 0-0: Ball
1-0: Foul Ball, location: 2F
1-1: Ball
2-1: Foul Ball, location: 2F
2-2: Foul Ball, location: 2F
2-2: Ball
3-2: Base on Balls
Batting: RHB Roger Rush 0-0: Ball
1-0: Ball
Wild Pitch!
Gilberto López to second
2-0: Ball
3-0: Ground out U3 (Groundball, 3)
Bottom of the 7th over - 0 runs, 0 hits, 0 errors, 1 left on base; District 9 6 - Texarkana 15
TOP OF THE 8TH
District 9 Prawns batting - Pitching for Texarkana Bears : RHP Enrique Ortíz
Batting: LHB Culley Vaughan 0-0: Called Strike
0-1: Foul Ball, location: 2F
0-2: Ball
1-2: Foul Ball, location: 2F
1-2: Ball
2-2: Foul Ball, location: 2F
2-2: Strikes out swinging
Batting: SHB Júlio Macías 0-0: Foul Ball, location: 2F
0-1: Foul Ball, location: 2F
0-2: Fly out, F8 (Flyball, 8LD)
Batting: RHB Doug O'Brien 0-0: Ball
1-0: Called Strike
1-1: Ball
2-1: Foul Ball, location: 2F
2-2: Foul Ball, location: 2F
2-2: Ball
3-2: Base on Balls
Batting: LHB Terry Simpson 0-0: Ball
1-0: Ground out U3 (Groundball, 34)
Top of the 8th over - 0 runs, 0 hits, 0 errors, 1 left on base; District 9 6 - Texarkana 15
BOTTOM OF THE 8TH
Texarkana Bears batting - Pitching for District 9 Prawns : RHP Juan Gutiérrez
Batting: RHB Steve Garneys 0-0: SINGLE (Line Drive, 7S)
Batting: RHB Arturo Rodríguez 0-0: Called Strike
0-1: Fly out, F7 (Line Drive, 78M)
Batting: RHB Kun Liu 0-0: Called Strike
0-1: Ball
1-1: DOUBLE (Line Drive, 8RXD)
Steve Garneys to third
Batting: RHB Marvin Johnson 0-0: Swinging Strike
0-1: Swinging Strike
0-2: Ball
1-2: Strikes out swinging
Batting: RHB Jaime Delgado 0-0: Ball
1-0: Ball
2-0: SINGLE (Groundball, 3D)
Steve Garneys scores
Kun Liu to third
Batting: RHB Billy Campbell 0-0: Swinging Strike
0-1: Ball
1-1: Called Strike
1-2: Ball
2-2: Strikes out swinging
Bottom of the 8th over - 1 run, 3 hits, 0 errors, 2 left on base; District 9 6 - Texarkana 16
TOP OF THE 9TH
District 9 Prawns batting - Pitching for Texarkana Bears : RHP Enrique Ortíz
Batting: LHB Mike Davis 0-0: Foul Ball, location: 2F
0-1: Ball
1-1: Fly out, F7 (Flyball, 78M)
Batting: LHB Jeff Doss 0-0: Foul Ball, location: 2F
0-1: Fly out, F6 (Line Drive, 6)
Batting: LHB Manuel Cardenas 0-0: Swinging Strike
0-1: Foul Ball, location: 2F
0-2: Ball
1-2: Ground out 6-3 (Groundball, 6)
Top of the 9th over - 0 runs, 0 hits, 0 errors, 0 left on base; District 9 6 - Texarkana 16
Saturday, April 7th, 2018 - OOTP Baseball 18.8 Build 76